AoeStats
← Monsieur Garlíc

Golden Pit

508744432Analyzed
1v1 RM · 10d ago on Sep 23, 2026· 53m 56s· 2 players
Game mode
Random Map
Map size
Tiny (2 player)
Population
200
Speed
Normal
Resources
Standard
Victory
Conquest
Starting age
Dark Age
Ending age
Imperial Age
RankedLock teamsTeams togetherTeam positionsShared explorationLock speedFull tech treeHidden civsTurbo modeCheats
Victory
Defeat
🇩🇪 Sicilians · Germany
1017
+17
🇨🇴 Burmese · Colombia
1042
-17
Monsieur Garlíc
10:11 Loom
11:57 Feudal Age
14:21 Horse Collar
17:06 Castle Age
14:55 Double-Bit Axe
16:41 Gold Mining
18:15 Scale Mail Armor
19:33 Chain Mail Armor
20:43 Fletching
21:31 Bodkin Arrow
22:31 Gold Shaft Mining
22:06 Arson
22:54 Heavy Plow
23:57 Squires
26:19 Forging
27:54 Bow Saw
27:38 Stone Mining
29:38 Pikeman
34:24 Imperial Age
33:27 Ballistics
33:46 Iron Casting
35:10 Elite Serjeant
39:58 Elite Skirmisher
41:41 Padded Archer Armor
41:42 Bracer
42:40 Conscription
43:28 Leather Archer Armor
44:17 Town Watch
46:36 Wheelbarrow
48:50 Plate Mail Armor
49:21 Blast Furnace
52:18 Halberdier
53:57 Hand Cart
53:43 Town Patrol
CarRod2508
2:16 Loom
10:05 Feudal Age
13:56 Fletching
21:48 Castle Age
22:39 Wheelbarrow
22:33 Bodkin Arrow
22:01 Crossbowman
30:47 Imperial Age
35:07 Ballistics
36:39 Bracer
36:40 Padded Archer Armor
36:22 Elite Skirmisher
39:09 Scale Barding Armor
41:43 Hand Cart
41:15 Town Watch
43:24 Chain Barding Armor
43:14 Forging
44:05 Light Cavalry
44:55 Bloodlines
44:47 Husbandry
45:38 Iron Casting
46:43 Conscription
45:58 Cavalier
50:00 Plate Barding Armor
50:25 Blast Furnace
51:24 Elite Skirmisher
Connection lost

Rejoining the realm…

Still unreachable

The connection could not be restored.

Session expired

The server has moved on; the page needs a fresh start.